 Dungeon Crawl Stone Soup version 0.28-a0-823-gb444dcf96d (webtiles) character file.

Game seed: 7662190404773760331

9 flyleaff the Skirmisher (level 2, 20/24 HPs)
             Began as a Demonspawn Monk on Nov 10, 2021.
             Quit the game on level 1 of the Dungeon.
             The game lasted 00:00:46 (683 turns).

flyleaff the Skirmisher (Demonspawn Monk)            Turns: 683, Time: 00:00:46

Health: 20/24      AC:  2    Str: 11    XL:     2   Next: 3%
Magic:  2/2        EV: 13    Int: 11    God:
Gold:   23         SH:  0    Dex: 15    Spells: 1/1 levels left

rFire   . . .      SeeInvis .   a - +0 falchion
rCold   . . .      Faith    .   (no shield)
rNeg    . . .      Spirit   .   b - +0 robe
rPois   .          Reflect  .   (helmet restricted)
rElec   .          Harm     .   (no cloak)
rCorr   .          Rampage  .   (no gloves)
Will    .....                   (no boots)
Stlth   ++........              (no amulet)
HPRegen 0.08/turn               (no ring)
MPRegen 0.08/turn               (no ring)

@: no status effects
A: horns 1
a: no special abilities


You were on level 1 of the Dungeon.
You visited 1 branch of the dungeon, and saw 1 of its levels.

You collected 23 gold pieces.

Inventory:

Hand Weapons
 a - a +0 falchion (weapon)
Armour
 b - a +0 robe (worn)
Scrolls
 d - a scroll of magic mapping {unknown}
 e - a scroll of immolation {unknown}
Potions
 c - a potion of might {unknown}
 f - a potion of curing {unknown}
 g - a potion of attraction {unknown}


   Skills:
 + Level 3.1 Fighting
 + Level 2.8 Long Blades
 + Level 0.5 Armour
 + Level 2.8 Dodging
 - Level 1.7 Stealth


You had one spell level left.
You didn't know any spells.
Your spell library was empty.

Dungeon Overview and Level Annotations

Branches:
Dungeon (1/15)

Altars:


Innate Abilities, Weirdness & Mutations

You have a pair of small horns on your head.


Message History

You closely miss the kobold. The kobold barely misses you.
You barely miss the kobold. The kobold barely misses you.
You hit the kobold.
You kill the kobold!
No target in view!
No target in view!
Things that are here:
a +0 short sword; 2 stones; a kobold corpse
Things that are here:
a +0 short sword; 2 stones; a kobold corpse You now have 23 gold pieces (gained 10).
f - an orange potion
Found a stone staircase leading down.
There is a stone staircase leading down here.
g - a golden potion You see here 5 javelins.
Found a stone staircase leading down.
There is a shaft here.
A dart slug comes into view.
The helpless dart slug fails to defend itself.
You slash the dart slug!
The dart slug is severely wounded.
You slash the dart slug!
You kill the dart slug!
No target in view!
No target in view!
You see here a dart slug corpse.
A hobgoblin comes into view.
A hobgoblin is nearby!
The hobgoblin shouts!
The hobgoblin hits you.
You hit the hobgoblin but do no damage. The hobgoblin misses you.
The hobgoblin hits you.
You hit the hobgoblin.
You kill the hobgoblin!
You have reached level 2!
You feel monstrous as your demonic heritage exerts itself.
Your demonic ancestry asserts itself...
A pair of horns grows on your head!
Are you sure you want to abandon this character and quit the game? (Confirm with "yes".)

#.#..........###..####
#....#######..........
#.#..†# #####..####
...#.#.### #####.>####
###...#...#
#.......... ...#####.#
#.###..###. .##..
#...# #..# #. #
#.#.#.# ....# #.
#..@#.# ###.####.
##†##.# .###.###.. #.
... .......... ## #.#
.#...###.. #.#
#.#####). .# .........
........# #.#####.#
#..


There were no monsters in sight!

Vanquished Creatures
  A dart slug (D:1)
  An endoplasm (D:1)
  A goblin (D:1)
  2 hobgoblins (D:1)
  A kobold (D:1)
6 creatures vanquished.

Notes
Turn   | Place    | Note
-------+----------+-------------------------------------------
     0 | D:1      | flyleaff the Demonspawn Monk began the quest for the Orb.
     0 | D:1      | Reached XP level 1. HP: 18/18 MP: 1/1
   683 | D:1      | Discovered your monstrous ancestry.
   683 | D:1      | Gained mutation: You have a pair of small horns on your
                  | head. [demonic ancestry]
   683 | D:1      | Reached XP level 2. HP: 20/24 MP: 2/2
   683 | D:1      | Quit the game

Illustrated notes

Levels and vault maps discovered:
D:1:      minmay_arrival_stone_box, layout_loops_ring, corexii_hall_statues_x

Action                   || total
-------------------------++-------
Melee: Falchion          ||    20
 Stab: Sleeping          ||     1
Dodge: Dodged            ||    13

Table legend: (Time is in decaauts)
 A = Elapsed time spent in this place.
 B = Non-inter-level travel time spent in this place.
 C = Inter-level travel time spent in this place.
 D = Time resting spent in this place.
 E = Time spent auto-exploring this place.
 F = Levels seen in this place.
 G = Mean time per level.
                   A        B        C        D        E       F      G
               +--------+--------+--------+--------+--------+-----+--------+
         Total |    686 |    686 |      0 |      0 |    620 |   1 |  686.0 |
       Dungeon |    686 |    686 |      0 |      0 |    620 |   1 |  686.0 |
               +--------+--------+--------+--------+--------+-----+--------+

Top non-repeatable levels by time:
     D:1: 686 daAuts
